 Dungeon Crawl Stone Soup version 0.26-a0-30-g56b8cd3df0 (webtiles) character file.

Game seed: 17124199809921482914, levelgen mode: deterministic

7202 vurker the Thaumaturge (level 11, -3/83 HPs)
             Began as a Human Wizard on May 31, 2020.
             Was a Priest of Vehumet.
             Killed from afar by Fannar (18 damage)
             ... with a bolt of cold
             ... on level 10 of the Dungeon.
             The game lasted 00:21:23 (12430 turns).

vurker the Thaumaturge (Human Wizard)              Turns: 12430, Time: 00:21:23

Health: -3/83      AC:  9    Str:  8    XL:     11   Next: 32%
Magic:  24/33      EV: 12    Int: 21    God:    Vehumet [***...]
Gold:   468        SH:  0    Dex: 12    Spells: 17/29 levels left

rFire    . . .     SeeInvis .   g - +3 scimitar (flame)
rCold    + . .     Gourm    .   (no shield)
rNeg     . . .     Faith    .   w - +2 robe
rPois    .         Spirit   .   p - +1 helmet
rElec    .         Reflect  .   n - +0 cloak
rCorr    .         Harm     .   r - +0 pair of gloves
MR       .....                  d - +0 pair of boots
Stlth    ++........             (no amulet)
HPRegen  0.23/turn              f - ring of protection from cold
MPRegen  0.23/turn              b - ring of magical power

@: about to teleport, very slightly contaminated
A: no striking features
a: Renounce Religion


You were on level 10 of the Dungeon.
You worshipped Vehumet.
Vehumet was most pleased with you.
You were not hungry.

You visited 2 branches of the dungeon, and saw 11 of its levels.

You collected 468 gold pieces.

Inventory:

Hand Weapons
 g - a +3 scimitar of flaming (weapon)
   (You took it off Erica on level 8 of the Dungeon)
Armour
 d - a +0 pair of boots (worn)
   (You found it on level 4 of the Dungeon)
 n - a +0 cloak (worn)
   (You found it on level 2 of the Dungeon)
 p - a +1 helmet (worn)
   (You found it on level 6 of the Dungeon)
 r - a +0 pair of gloves (worn)
   (You found it on level 6 of the Dungeon)
 w - a +2 robe (worn)
   (You took it off Erica on level 8 of the Dungeon)
Jewellery
 b - a ring of magical power (right hand)
   (You found it on level 6 of the Dungeon)
 f - a ring of protection from cold (left hand)
   (You found it on level 1 of the Dungeon)
 l - an uncursed ring of protection from cold
   (You found it on level 4 of the Dungeon)
 x - an uncursed ring of poison resistance
   (You took it off an orc on level 8 of the Dungeon)
Wands
 c - a wand of disintegration (14)
   (You found it on level 7 of the Dungeon)
 v - a wand of digging (7)
   (You found it on level 9 of the Dungeon)
Scrolls
 j - 5 scrolls of teleportation
 k - 6 scrolls of remove curse
 o - a scroll of immolation
 t - a scroll of amnesia
 u - a scroll of enchant armour
 y - a scroll of identify
Potions
 a - a potion of cancellation
 h - 3 potions of brilliance
 i - 6 potions of curing
 m - 2 potions of haste
 s - a potion of lignification
 A - a potion of ambrosia {unknown}
Comestibles
 e - 8 rations
 q - 5 chunks of flesh


   Skills:
 + Level 6.8 Fighting
 - Level 2.0 Dodging
 - Level 2.0 Stealth
 * Level 9.7 Spellcasting
 + Level 6.9 Conjurations
 - Level 1.0 Summonings
 - Level 1.0 Translocations
 * Level 9.2 Ice Magic


You had 17 spell levels left.
You knew the following spells:

 Your Spells              Type           Power        Failure   Level  Hunger
a - Magic Dart            Conj           ####         1%          1    None
b - Frozen Ramparts       Ice            #####.       1%          3    None
c - Hailstorm             Conj/Ice       #####...     1%          4    ##.....
d - Call Imp              Summ           ##......     7%          2    None
w - Blink                 Tloc           N/A          7%          2    None

Your spell library contained the following spells:

 Spells                   Type           Power        Failure   Level  Hunger
 Dazzling Flash           Conj/Hex       ###...       1%          3    None
 Foxfire                  Conj/Fire      ###.         1%          1    None
 Freeze                   Ice            ####         1%          1    None
 Conjure Flame            Conj/Fire      ###.....     1%          3    None
 Mephitic Cloud           Conj/Pois/Air  ###.....     2%          3    None
 Ozocubu's Armour         Chrm/Ice       ####....     3%          3    None
 Sticky Flame             Conj/Fire      ###.....     4%          4    ##.....
 Inner Flame              Hex/Fire       ##......     5%          3    None
 Summon Ice Beast         Ice/Summ       ####....     8%          4    ##.....
 Slow                     Hex            ##......     10%         2    None
 Fireball                 Conj/Fire      ###.......   12%         5    ####...
 Gell's Gravitas          Tloc           ##........   13%         3    None
 Confusing Touch          Hex            ##......     21%         3    None
 Metabolic Englaciation   Hex/Ice        ####......   28%         5    ####...
 Yara's Violent Unravell  Hex/Tmut       ##........   41%         5    ####...
 Petrify                  Tmut/Erth      ##......     54%         4    ##.....


Dungeon Overview and Level Annotations

Branches:
Dungeon (10/15)            Temple (1/1) D:4            Lair (0/6) D:10
    Orc (0/2) D:9

Altars:
Ashenzari
Cheibriados
Dithmenos
Elyvilon
Fedhas
Gozag
Hepliaklqana
Kikubaaqudgha
Makhleb
Nemelex Xobeh
Okawaru
Qazlal
Ru
Sif Muna
Trog
Uskayaw
Vehumet
Wu Jian
Xom
Yredelemnul
Zin
The Shining One

Annotations:
D:10 Fannar


Message History

You hit Fannar.
Fannar's icy armour evaporates.
You burn Fannar. Fannar hits you but does no damage. Fannar freezes you!
Your crimson imp barely misses Fannar.
Your white imp gestures at Fannar.
The puff of frost hits Fannar.
Fannar resists.
The ice beast hits you but does no damage.
Fannar points at you and mumbles some strange words.
The bolt of cold hits you. You resist.
* * * LOW HITPOINT WARNING * * *
You swap places.
Fannar casts a spell.
Fannar drains the heat from the surrounding environment!
You resist.
You feel very cold.
* * * LOW HITPOINT WARNING * * *
Your crimson imp, your white imp and Fannar are frozen.
Your crimson imp is frozen!
Your crimson imp dies!
Your white imp resists.
Fannar resists.
Fannar hits you but does no damage. Fannar freezes you!
* * * LOW HITPOINT WARNING * * *
You miscast Blink.
You are very lightly contaminated with residual magic.
Nothing appears to happen.
Your white imp closely misses Fannar.
The ice beast barely misses you.
You riposte.
You hit the ice beast.
You melt the ice beast.
Fannar hits you with an uncursed staff of cold.
* * * LOW HITPOINT WARNING * * *
Fannar freezes you!
* * * LOW HITPOINT WARNING * * *
Okay, then.
Okay, then.
Your white imp gestures at Fannar.
The puff of frost hits Fannar.
Fannar resists.
Fannar hits your white imp with an uncursed staff of cold.
Fannar freezes your white imp. The ice beast misses your white imp.
You feel much better.
Fannar hits your white imp with an uncursed staff of cold.
Fannar freezes your white imp.
Your white imp dies!
As you read the scroll of teleportation, it crumbles to dust.
You feel strangely unstable.
Some snowflakes condense on Fannar.
Fannar hits you but does no damage. Fannar freezes you!
* * * LOW HITPOINT WARNING * * *
The ice beast barely misses you.
You riposte.
You hit the ice beast.
You melt the ice beast.
You blink.
Fannar points at you and mumbles some strange words.
The bolt of cold hits you!! You resist.
You die...

##.# #..# ####'##
#.....# #...
#.....+ #...###..
#.....###.....##..
#§Y...##.......#..
#.e<..##.......#..
#@....#...........
#.................
#..........>......
###+###...........
#...........
##.).....###
#.......# #
##.....## ...
##...##


You could see Fannar (fast) and an ice beast (summoned).

Vanquished Creatures
  Erica (D:8)
  2 two-headed ogres
  An elephant (D:10)
  2 hornets (D:8)
  2 hippogriffs
  5 yaks (D:8)
  A basilisk (D:10)
  A hungry ghost (D:8)
  A black bear (D:8)
  3 orc warriors
  3 sky beasts
  A phantom (D:4)
  An ice beast (D:5)
  An ogre (D:5)
  A centaur (D:7)
  2 crocodiles
  A big kobold (D:9)
  4 bullfrogs
  A gnoll sergeant (D:4)
  A scorpion (D:8)
  4 wights (D:8)
  2 howler monkeys (D:6)
  5 crimson imps
  A centaur zombie (D:8)
  A bullfrog skeleton (D:9)
  A hound (D:9)
  4 jellies
  9 orc wizards
  3 orc priests
  3 centaur skeletons
  4 iguanas
  16 adders
  4 gnolls (D:4)
  2 shadow imps
  3 oozes
  2 adder skeletons
  3 worms
  2 dart slugs (D:1)
  7 leopard geckos
  40 orcs
  3 ball pythons
  7 bats
  3 giant cockroaches
  5 hobgoblins
  7 jackals
  6 kobolds
  6 quokkas
  9 frilled lizards
  4 goblins
  A jackal skeleton (D:5)
  A jackal zombie (D:8)
  6 rats
209 creatures vanquished.

Vanquished Creatures (collateral kills)
  A hungry ghost (D:5)
  An ogre (D:4)
  A scorpion (D:4)
  A bullfrog skeleton (D:5)
  An iguana (D:5)
  A worker ant (D:3)
  A shadow imp (D:5)
  3 worms
  3 orcs (D:4)
  2 giant cockroaches
  3 jackals (D:3)
  A ball python (D:4)
  A leopard gecko skeleton (D:5)
20 creatures vanquished.

Vanquished Creatures (others)
  2 fungi (D:10)
  A plant (D:10)
3 creatures vanquished.

Grand Total: 232 creatures vanquished

Notes
Turn   | Place    | Note
-------+----------+-------------------------------------------
     0 | D:1      | vurker the Human Wizard began the quest for the Orb.
     0 | D:1      | Reached XP level 1. HP: 13/13 MP: 4/4
   228 | D:1      | Reached XP level 2. HP: 20/20 MP: 3/6
   338 | D:1      | Learned a level 2 spell: Call Imp
   341 | D:1      | Learned a level 2 spell: Blink
  1360 | D:2      | Reached XP level 3. HP: 25/25 MP: 4/7
  1448 | D:2      | Reached skill level 1 in Fighting
  2088 | D:2      | Reached XP level 4. HP: 21/32 MP: 0/9
  2461 | D:2      | Found a bloodstained altar of Trog.
  3523 | D:3      | Found a glowing golden altar of the Shining One.
  3534 | D:3      | Reached XP level 5. HP: 38/38 MP: 6/11
  4790 | D:4      | Learned a level 3 spell: Frozen Ramparts
  4921 | D:4      | Found a staircase to the Ecumenical Temple.
  4935 | Temple   | Entered the Ecumenical Temple
  5034 | Temple   | Became a worshipper of Vehumet
  5096 | D:4      | Reached XP level 6. HP: 28/44 MP: 3/12
  5378 | D:4      | Noticed a phantom
  5418 | D:4      | Killed a phantom
  5418 | D:4      | Reached skill level 1 in Ice Magic
  5773 | D:4      | Reached skill level 5 in Spellcasting
  6066 | D:4      | Reached XP level 7. HP: 23/51 MP: 7/14
  6441 | D:5      | Entered Level 5 of the Dungeon
  7217 | D:5      | Reached XP level 8. HP: 58/58 MP: 16/16
  7306 | D:5      | Reached * piety under Vehumet
  7306 | D:5      | Offered knowledge of Foxfire by Vehumet.
  8257 | D:6      | Found an ancient bone altar of Kikubaaqudgha.
  8269 | D:6      | Found a burning altar of Makhleb.
  8469 | D:6      | Found a shattered altar of Ashenzari.
  8535 | D:6      | Learned a level 4 spell: Hailstorm
  8621 | D:6      | Found a sparkling altar of Nemelex Xobeh.
  8831 | D:7      | Reached skill level 5 in Ice Magic
  8913 | D:7      | Reached XP level 9. HP: 62/65 MP: 18/18
  9468 | D:7      | Offered knowledge of Sandblast by Vehumet.
  9605 | D:8      | Reached ** piety under Vehumet
  9605 | D:8      | Reached skill level 5 in Conjurations
  9607 | D:8      | Reached skill level 5 in Fighting
  9616 | D:8      | Noticed Erica
  9631 | D:8      | Killed Erica
  9631 | D:8      | Reached XP level 10. HP: 61/74 MP: 12/22
 10010 | D:8      | Noticed a two-headed ogre
 10030 | D:8      | Killed a two-headed ogre
 10539 | D:8      | Offered knowledge of Stone Arrow by Vehumet.
 10797 | D:8      | Found a glowing silver altar of Zin.
 10797 | D:8      | Found a snail-covered altar of Cheibriados.
 10880 | D:9      | Reached *** piety under Vehumet
 11016 | D:9      | Noticed a two-headed ogre
 11038 | D:9      | Killed a two-headed ogre
 11038 | D:9      | Reached XP level 11. HP: 39/83 MP: 24/24
 11518 | D:9      | Found a staircase to the Orcish Mines.
 11545 | D:9      | Found a white marble altar of Elyvilon.
 11762 | D:10     | Entered Level 10 of the Dungeon
 11763 | D:10     | Noticed an elephant
 11885 | D:10     | Offered knowledge of Dazzling Flash by Vehumet.
 12286 | D:10     | Found a staircase to the Lair.
 12326 | D:10     | Killed an elephant
 12411 | D:10     | Noticed Fannar
 12430 | D:10     | Killed from afar by Fannar

Illustrated notes

Levels and vault maps discovered:
D:1:      onia_arrival_mini_maze_b, layout_basic, wad_floor_pattern_2,
          minmay_hedge_maze, st_stairs_8, kennysheep_another_room,
          chequers_serial_rivers_micro_b, minmay_misc_feat_chi
D:2:      layout_basic, overflow_temple_1_default
D:3:      layout_loops_ring, nicolae_tso_carved_into_rock, first_ration,
          hangedman_abyss_or_decor_stabs, chequers_mini_garden
D:4:      layout_rooms, minmay_temple_entry_mini_moons
D:5:      minmay_recursive_quarters, layout_basic
D:6:      layout_rooms, lemuel_crystal_altar, amethyst_overflow_temple_binary,
          evilmike_ruin_ashenzari, minmay_microvault
D:7:      layout_rooms
D:8:      layout_loops_cross, gammafunk_temple_overflow_elements, uniq_erica
D:9:      layout_rooms, elyvilon_altar_3, orc_0_dummy
D:10:     layout_roguey, david_lair_generic, uniq_fannar
Temple:   dshaligram_water_room_temple

Skill      XL: |  1  2  3  4  5  6  7  8  9 10 11 |
---------------+----------------------------------+-----
Fighting       | 1 2 3 4 5 6 |  6.8
Conjurations   | 2 3 4 5 6 |  6.9
Spellcasting   | 4 5 6 8 9 |  9.7
Ice Magic      | 2 3 5 7 8 9 |  9.2
Dodging        | |  2.0
Stealth        | |  2.0
Summonings     | |  1.0
Translocations | |  1.0

Action                   |  1- 3 |  4- 6 |  7- 9 | 10-12 || total
-------------------------+-------+-------+-------+-------++-------
Melee: Dagger            |    20 |    87 |    64 |       ||   171
       Scimitar          |       |       |       |    23 ||    23
 Cast: Magic Dart        |    73 |   157 |   190 |   163 ||   583
       Call Imp          |     2 |    19 |    18 |     5 ||    44
       Frozen Ramparts   |       |     2 |    20 |    26 ||    48
       Hailstorm         |       |       |     4 |    13 ||    17
       Blink             |       |       |       |     1 ||     1
  Use: Potion            |     1 |     1 |     1 |     1 ||     4
       Scroll            |       |     5 |     4 |     5 ||    14
 Stab: Distracted        |       |     1 |       |       ||     1
  Eat: Chunk             |     2 |    13 |    15 |     8 ||    38
       Ration            |       |       |     2 |     2 ||     4
Armor: Robe              |     2 |    32 |    34 |    28 ||    96
Dodge: Dodged            |    14 |   106 |    46 |    55 ||   221
       Rpst.: Scimitar   |       |       |       |    19 ||    19

Table legend:
 A = Non-vault XP
 B = Vault XP
 C = Vault XP percentage of total XP
 D = Non-vault monster count
 E = Vault monster count
 F = Vault count percentage of total count
                 A         B        C        D         E       F
            +---------+---------+-------+---------+---------+-------
      Total |    8123 |    2166 |  21.1 |     216 |      13 |   5.7
            +---------+---------+-------+---------+---------+-------
        D:1 |      24 |       1 |   4.0 |      14 |       1 |   6.7
        D:2 |      75 |       0 |   0.0 |      23 |       0 |   0.0
        D:3 |     101 |       0 |   0.0 |      23 |       0 |   0.0
        D:4 |     427 |       0 |   0.0 |      24 |       0 |   0.0
        D:5 |     616 |     192 |  23.8 |      19 |       6 |  24.0
        D:6 |     426 |      42 |   9.0 |      10 |       1 |   9.1
        D:7 |     819 |       0 |   0.0 |      30 |       0 |   0.0
        D:8 |    3762 |     912 |  19.5 |      38 |       1 |   2.6
        D:9 |    1550 |       0 |   0.0 |      19 |       0 |   0.0
       D:10 |     323 |    1019 |  75.9 |      16 |       4 |  20.0
            +---------+---------+-------+---------+---------+-------
